Map: Catalyst LE

Players

Zest - Winner!

  • Race: Protoss Protoss
  • Spawn Location: 5:00

Stephano

  • Race: Zerg Zerg
  • Spawn Location: 11:00

Event: IEM Season 12 - PyeongChang

VOD

Have the link to the VOD?

Description

Time

  • Played on: Feb. 4, 2018, 11:17 p.m.
  • Length: 11:55

All games in this series

Show
View Real Time Build Order
Export as new Build Order

Zest Protoss - Winner!

Build Orders: 1 Gate Expand, Oracle Opening, Phoenix Opening 

Get SALT Encoding   

  12  0:00  Probe  
  13  0:12  Probe  
  14  0:19  Pylon  
  14  0:25  Probe  
  15  0:37  Probe (Chrono Boost)  
  15  0:41  Gateway  
  16  0:46  Assimilator, Probe (Chrono Boost)  
  17  0:51  Probe (Chrono Boost)  
  18  1:03  Probe  
  19  1:15  Probe  
  20  1:25  Nexus  
  20  1:35  Cybernetics Core  
  20  1:39  Probe  
  21  1:45  Assimilator  
  21  1:51  Probe  
  22  1:55  Pylon  
  22  2:03  Probe  
  23  2:11  Adept (Chrono Boost)  
  23  2:15  Stargate  
  25  2:19  Probe  
  26  2:23  Warp Gate  
  26  2:30  Adept  
  26  2:36  Probe (Chrono Boost)  
  29  2:37  Probe (Chrono Boost)  
  30  2:46  Probe (Chrono Boost)  
  30  2:48  Probe (Chrono Boost)  
  32  2:51  Probe (Chrono Boost)  
  32  2:57  Probe  
  34  2:58  Phoenix (Chrono Boost)  
  34  3:04  Probe  
  37  3:09  Probe  
  38  3:14  Oracle (Chrono Boost)  
  38  3:16  Probe  
  42  3:21  Pylon, Probe  
  43  3:28  Probe  
  43  3:33  Gateway, Probe  
  45  3:38  Gateway  
  45  3:39  Oracle (Chrono Boost)  
  45  3:40  Probe  
  46  3:45  Probe  
  46  3:48  Pylon  
  50  3:51  Assimilator  
  50  3:52  Probe  
  51  3:55  Assimilator  
  51  3:57  Probe  
  52  4:04  Probe  
  52  4:06  Robotics Facility  
  52  4:09  Probe  
  54  4:16  Probe  
  55  4:21  Probe  
  55  4:22  Pylon  
  56  4:28  Probe  
  57  4:33  Adept x2  
  57  4:34  Probe  
  62  4:41  Probe  
  63  4:47  Nexus  
  63  4:48  Pylon  
  63  4:55  Observer (Chrono Boost)  
  63  4:57  Robotics Bay  
  64  5:02  Probe x2  
  68  5:15  Twilight Council  
  68  5:16  Probe x2, Forge  
  70  5:25  Sentry x3  
  70  5:27  Immortal (Chrono Boost)  
  76  5:35  Pylon  
  78  5:37  Pylon  
  78  5:42  Pylon  
  78  5:43  Pylon  
  78  5:53  Void Ray (Chrono Boost)  
  82  6:00  Immortal (Chrono Boost)  
  86  6:05  Probe  
  86  6:06  Zealot x2, Adept  
  86  6:09  Pylon  
  93  6:14  Probe x2  
  93  6:17  Probe  
  93  6:26  Probe x2  
  93  6:27  Stalker  
  93  6:29  Probe  
  102  6:34  Pylon  
  102  6:35  Observer (Chrono Boost)  
  102  6:38  Probe  
  95  6:51  Immortal (Chrono Boost)  
  102  6:56  Stalker x3  
  102  6:57  Protoss Ground Weapons Level 1  
  102  6:58  Blink  
  102  7:00  Observer  
  105  7:01  Gateway  
  105  7:02  Gateway  
  105  7:04  Gateway  
  105  7:06  Probe x3  
  108  7:14  Shield Battery  
  108  7:18  Probe  
  108  7:19  Extended Thermal Lance  
  109  7:24  Colossus (Chrono Boost)  
  115  7:34  Probe x2  
  115  7:35  Probe  
  118  7:37  Pylon  
  118  7:41  Pylon  
  118  7:48  Robotics Facility  
  118  7:49  Photon Cannon  
  118  7:57  Photon Cannon  
  118  8:03  Photon Cannon  
  118  8:04  Assimilator  
  118  8:11  Colossus (Chrono Boost)  
  118  8:15  Observer  
  124  8:21  Pylon  
  124  8:22  Assimilator  
  124  8:24  Stalker x6  
  136  8:29  Gateway x2  
  136  8:40  Colossus (Chrono Boost), Probe x3  
  145  8:51  Protoss Ground Weapons Level 2 (Chrono Boost)  
  145  8:52  Pylon, Nexus  
  145  9:15  Stalker x2  
  145  9:16  Stalker x4, Warp Prism (Chrono Boost)  
  159  9:25  Observer (Chrono Boost)  
  159  9:31  Photon Cannon  
  160  9:34  Charge  
  160  9:54  Stalker x2  
  164  10:01  Pylon  
  164  10:02  Nexus  
  164  10:04  Observer Gravitic Boosters (Chrono Boost)  
  164  10:10  Pylon  
  158  10:26  Stalker x6  
  158  10:27  Stalker  
  172  10:29  Stalker  
  172  10:33  Immortal (Chrono Boost)  
  172  10:36  Observer (Chrono Boost)  
  172  10:54  Gravitic Drive  
  172  10:57  Stalker x3  
  172  10:58  Stalker  
  174  11:08  Stalker x4  
  168  11:37  Stalker x4  
  168  11:40  Stalker x4  
Show
View Real Time Build Order
Export as new Build Order

Stephano Zerg 

Build Orders: Hatch First, Roach Hydra 

Get SALT Encoding   

  12  0:00  Drone  
  13  0:12  Overlord  
  13  0:17  Drone  
  14  0:31  Drone x2  
  16  0:49  Hatchery  
  15  0:52  Drone  
  15  0:55  Drone  
  17  0:59  Drone  
  18  1:11  Extractor  
  17  1:15  Spawning Pool  
  17  1:17  Drone  
  17  1:22  Drone  
  18  1:29  Drone  
  19  1:39  Drone  
  20  1:50  Drone  
  21  2:02  Queen x2  
  21  2:03  Zergling x2  
  21  2:06  Drone  
  27  2:11  Drone  
  27  2:12  Overlord  
  28  2:18  Metabolic Boost  
  28  2:32  Drone x3  
  31  2:41  Hatchery  
  30  2:45  Queen  
  30  2:49  Zergling x2  
  33  2:54  Overlord  
  33  2:56  Drone  
  34  3:06  Drone x2  
  37  3:12  Drone  
  37  3:13  Drone x2  
  37  3:15  Drone  
  37  3:16  Drone x2  
  37  3:19  Drone x2  
  43  3:25  Overlord  
  43  3:27  Overlord  
  43  3:31  Spore Crawler  
  43  3:32  Extractor  
  41  3:35  Spore Crawler  
  41  3:39  Lair  
  40  3:46  Zergling x2  
  40  3:47  Drone x3  
  44  3:50  Queen  
  44  3:52  Drone  
  47  3:55  Drone  
  47  3:56  Drone  
  47  4:00  Extractor  
  48  4:06  Drone  
  49  4:11  Drone  
  49  4:13  Overlord  
  50  4:17  Roach Warren  
  50  4:19  Drone  
  50  4:20  Drone  
  51  4:24  Drone x3  
  51  4:27  Overlord  
  51  4:28  Overlord  
  51  4:29  Drone x2  
  56  4:39  Overlord x2  
  56  4:40  Drone  
  56  4:41  Spore Crawler  
  56  4:43  Overlord  
  56  4:48  Overlord  
  56  4:58  Glial Reconstitution  
  56  5:00  Roach  
  56  5:01  Roach x3  
  64  5:10  Roach x3  
  64  5:11  Roach  
  64  5:13  Overlord  
  70  5:15  Roach  
  70  5:20  Roach x2  
  76  5:25  Roach  
  76  5:26  Roach x2  
  82  5:31  Roach x2  
  82  5:33  Drone  
  82  5:35  Evolution Chamber  
  86  5:39  Drone x2  
  86  5:40  Drone  
  89  5:45  Roach  
  89  5:46  Roach x2  
  89  5:47  Drone  
  95  5:51  Extractor  
  95  5:57  Drone x2  
  94  5:58  Burrow  
  94  6:01  Extractor  
  91  6:14  Roach x2  
  91  6:15  Overlord, Roach x2  
  91  6:16  Tunneling Claws  
  98  6:18  Drone  
  98  6:20  Roach x4  
  98  6:21  Overlord  
  98  6:25  Zerg Missile Weapons Level 1  
  99  6:28  Roach x2  
  97  6:33  Drone x3  
  97  6:35  Drone  
  97  6:39  Extractor  
  98  6:44  Roach x5  
  108  6:51  Drone  
  103  7:03  Roach x4  
  103  7:04  Hydralisk Den, Roach  
  103  7:05  Drone  
  113  7:13  Drone  
  114  7:17  Drone x2  
  114  7:19  Drone x3  
  114  7:20  Drone x2  
  114  7:22  Drone  
  122  7:33  Overlord  
  122  7:34  Muscular Augments, Hydralisk  
  122  7:35  Hydralisk x3  
  130  7:44  Hydralisk x3  
  130  7:48  Overlord x2  
  136  7:54  Pneumatized Carapace  
  136  7:56  Hatchery  
  135  8:06  Overlord  
  135  8:07  Drone  
  135  8:09  Hydralisk x4  
  135  8:12  Drone x3  
  147  8:13  Drone x2  
  149  8:23  Zerg Missile Weapons Level 2  
  149  8:27  Hydralisk  
  149  8:28  Hydralisk  
  149  8:29  Evolution Chamber  
  149  8:31  Overlord, Drone  
  153  8:39  Drone x2  
  153  8:40  Drone  
  156  8:46  Grooved Spines  
  156  8:52  Drone x2  
  158  9:00  Zerg Ground Armor Level 1  
  158  9:01  Roach x3  
  158  9:02  Roach x6  
  176  9:04  Roach x4  
  176  9:08  Overlord  
  176  9:14  Roach x7  
  176  9:15  Spire  
  171  9:30  Roach x3  
  171  9:31  Roach x7  
  173  9:48  Drone x17  
  176  10:01  Hydralisk x2  
  176  10:02  Hydralisk x2  
  182  10:08  Roach x4  
  182  10:11  Overlord  
  166  10:21  Roach x7  
  166  10:23  Queen  
  166  10:26  Ravager x12  
  190  10:30  Roach  
  190  10:31  Roach  
  190  10:34  Overseer  
  194  10:36  Roach x2  
  194  10:45  Roach x3  
  198  10:55  Overlord  
  198  10:56  Overlord  
  184  11:03  Overlord  
  175  11:08  Roach x4  
  175  11:09  Overlord  
  175  11:10  Overlord  
  165  11:18  Ravager x6  
  161  11:19  Roach x2  

Tags
 
Add a new tag
Caveats
  • Supply blocks, unpowered buildings, or Contaminate may cause inaccurate times.
  • Supply counts are checked every 10 seconds.